 Dungeon Crawl Stone Soup version 0.26-a0-490-gf8362a0c98 (webtiles) character file.

Game seed: 4011173533264290460

120 KristoblXynda the Ducker (level 4, -3/34 HPs)
             Began as a Vampire Gladiator on Aug 4, 2020.
             Killed by divine providence
             ... invoked by an orc priest
              (14 damage)
             ... on level 3 of the Dungeon.
             The game lasted 00:02:42 (1583 turns).

KristoblXynda the Ducker (Vampire Gladiator)        Turns: 1583, Time: 00:02:42

Health: -3/34      AC:  4    Str: 14    XL:     4   Next: 75%
Magic:  4/4        EV: 14    Int: 10    God:
Gold:   87         SH:  5    Dex: 15    Spells: 3/3 levels left

rFire    + . .     SeeInvis +   a - +0 long sword
rCold    . . .     Faith    .   (no shield)
rNeg     . . .     Spirit   .   b - +0 leather armour
rPois    .         Reflect  +   c - +0 helmet
rElec    .         Harm     .   (no cloak)
rCorr    .                      (no gloves)
MR       .....                  (no boots)
Stlth    +.........             l - amulet of reflection
HPRegen  0.31/turn              o - ring of protection from fire
MPRegen  0.09/turn              (no ring)

@: regenerating quickly
A: fangs 3, see invisible, unbreathing
a: Exsanguinate


You were on level 3 of the Dungeon.
You visited 1 branch of the dungeon, and saw 3 of its levels.

You collected 87 gold pieces.

Inventory:

Hand Weapons
 a - a +0 long sword (weapon)
Missiles
 d - 3 throwing nets (quivered)
Armour
 b - a +0 leather armour (worn)
 c - a +0 helmet (worn)
 g - a +0 ring mail
Jewellery
 l - an amulet of reflection (around neck)
 o - a ring of protection from fire (left hand)
Scrolls
 e - a scroll of identify
 k - a scroll of enchant armour {unknown}
 m - a scroll of noise {unknown}
 p - a scroll of remove curse {unknown}
Potions
 f - a potion of stabbing
 h - a potion of ambrosia {unknown}
 i - a potion of heal wounds
 j - 3 potions of curing
 n - a potion of berserk rage {unknown}


   Skills:
 + Level 2.6 Fighting
 + Level 3.8 Long Blades
 - Level 2.0 Throwing
 + Level 1.1 Armour
 + Level 4.1 Dodging


You had 3 spell levels left.
You didn't know any spells.
Your spell library was empty.

Dungeon Overview and Level Annotations

Branches:
Dungeon (3/15)

Altars:


Innate Abilities, Weirdness & Mutations

Your natural rate of healing is unusually fast.
You have razor-sharp teeth.
You have supernaturally acute eyesight. (SInv)
You can survive without breathing.


Message History

The orc priest barely misses you.
The orc priest miscasts a cantrip.
You hit the orc priest but do no damage.
Your bite misses the orc priest.
A hobgoblin comes into view.
You block the orc priest's attack.
You slash the orc priest!
You bite the orc priest, but do no damage.
The orc priest is heavily wounded.
The orc priest misses you.
You barely miss the orc priest.
The orc priest is heavily wounded.
The orc priest invokes the aid of Beogh against you.
Pain shoots through your body!
You closely miss the orc priest.
The orc priest is heavily wounded.
An orc comes into view.
The orc priest mumbles some strange prayers to Beogh against you.
Beogh smites you!
You die... #.. #.#.### # #.. #.....#o# #.. .#.#.#.# ##. ...g#.# ##.. ..... #... .oo

##.# #o# #<# #@# #.#
###.# #.# #...# #+#
#.# #.### #.# #..
#.#########.# ###
#.##.....##.##
#.##.....#...##
#.............#
##...........#######


You could see an orc priest, an orc wizard (invisible), 2 orcs and a hobgoblin.

Vanquished Creatures
  An orc wizard (D:3)
  An adder (D:2)
  2 oozes
  An adder skeleton (D:3)
  2 dart slugs (D:1)
  A leopard gecko (D:3)
  6 orcs (D:3)
  2 ball pythons (D:2)
  3 giant cockroaches
  7 goblins
  7 hobgoblins
  7 jackals
  A quokka (D:3)
  5 bats
  3 frilled lizards (D:1)
  4 kobolds
  6 rats
59 creatures vanquished.

Notes
Turn   | Place    | Note
-------+----------+-------------------------------------------
     0 | D:1      | KristoblXynda the Vampire Gladiator began the quest for the
                  | Orb.
     0 | D:1      | Reached XP level 1. HP: 16/16 MP: 1/1
    59 | D:1      | Reached XP level 2. HP: 14/22 MP: 2/2
   357 | D:1      | Reached XP level 3. HP: 27/27 MP: 3/3
  1112 | D:2      | Reached XP level 4. HP: 25/34 MP: 4/4
  1413 | D:3      | Reached skill level 4 in Dodging
  1416 | D:3      | Reached skill level 1 in Armour
  1583 | D:3      | Killed from afar by an orc priest

Illustrated notes

Levels and vault maps discovered:
D:1:      tarquinn_simple_flora_water_a, layout_basic, hangedman_decor_lopped
D:2:      layout_basic, minmay_cut_off
D:3:      layout_loops_corners, ebering_ghost_reflecting_pool, uniq_natasha

Skill      XL: |  1  2  3  4 |
---------------+-------------+-----
Fighting       | 2 |  2.6
Throwing       | 2 |  2.0
Dodging        | 4 |  4.1
Armour         | 1 |  1.1
Long Blades    | |  3.8

Action                   |  1- 3 |  4- 6 || total
-------------------------+-------+-------++-------
Melee: Long sword        |   100 |    41 ||   141
       Bite              |    11 |    10 ||    21
  Use: Scroll            |       |     4 ||     4
Armor: Leather armour    |    22 |     7 ||    29
Dodge: Dodged            |    86 |    33 ||   119
Block: Other             |       |     6 ||     6
       Rpst.: Long sword |    29 |    10 ||    39

Table legend: (Time is in decaauts)
 A = Elapsed time spent in this place.
 B = Non-inter-level travel time spent in this place.
 C = Inter-level travel time spent in this place.
 D = Time resting spent in this place.
 E = Time spent auto-exploring this place.
 F = Levels seen in this place.
 G = Mean time per level.
                   A        B        C        D        E       F      G
               +--------+--------+--------+--------+--------+-----+--------+
         Total |   1614 |   1608 |      6 |    183 |   1026 |   3 |  538.0 |
       Dungeon |   1614 |   1608 |      6 |    183 |   1026 |   3 |  538.0 |
               +--------+--------+--------+--------+--------+-----+--------+

Top non-repeatable levels by time:
     D:2: 820 daAuts
     D:1: 599 daAuts
     D:3: 193 daAuts
